 Dungeon Crawl Stone Soup version 0.30-a0-634-g8abc85282e (webtiles) character file.

Game seed: 1169405307657689961

122929 Mitcholas the Crack Shot (level 16, -2/101 HPs)
             Began as a Deep Elf Hunter on Jan 13, 2023.
             Was the Champion of Okawaru.
             Succumbed to poison
             ... on level 4 of the Swamp on Jan 14, 2023.
             The game lasted 02:09:55 (22271 turns).

Mitcholas the Crack Shot (Deep Elf Hunter)         Turns: 22271, Time: 02:09:56

Health: -2/101     AC: 14    Str: 14    XL:     16   Next: 35%
Magic:  25/25      EV: 28    Int: 17    God:    Okawaru [******]
Gold:   745        SH:  0    Dex: 27    Spells: 18/18 levels left

rFire   + . .      SeeInvis +    a - +9 arbalest (freeze)
rCold   + . .      Faith    .    (shield currently unavailable)
rNeg    + . .      Spirit   .    c - +2 leather armour {rF+}
rPois   +          Reflect  .    C - +1 hat {Will+}
rElec   +          Harm     .    N - +1 cloak
rCorr   .          Rampage  .    Y - +1 pair of gloves {Str+3}
Will    +++..                    Q - +2 pair of boots
Stlth   ++                       A - amulet of Biucoem {rElec Regen+ Str+3 Dex+3 SInv}
HPRegen 1.16/turn                H - ring of Joplye {rPois rC+ rN+}
MPRegen 0.19/turn                R - ring of willpower

@: lethally poisoned (-2 -> -10), studying Poison Magic, very slow
A: no striking features
a: Renounce Religion, Heroism, Finesse, Duel


You were on level 4 of the Swamp.
You worshipped Okawaru.
Okawaru was exalted by your worship.
You visited 4 branches of the dungeon, and saw 23 of its levels.
You also visited: Bailey.

You collected 3446 gold pieces.
You spent 2701 gold pieces at shops.

Inventory:

Hand Weapons
 a - a +9 arbalest of freezing (weapon)
 b - the +8 autumn katana {manifold assault}
   (You bought it in a shop on level 2 of the Orcish Mines)

   Manifold Assault: It sometimes launches melee attacks against multiple
   visible enemies.
Missiles
 n - 2 curare-tipped darts
 B - 5 throwing nets
Armour
 c - a +2 leather armour of fire resistance (worn)
 C - a +1 hat of willpower (worn)
 N - a +1 cloak (worn)
 Q - a +2 pair of boots (worn)
 Y - a +1 pair of gloves of strength (worn)
Jewellery
 e - a ring of wizardry
 A - the amulet of Biucoem (around neck) {rElec Regen+ Str+3 Dex+3 SInv}
   (You found it on level 5 of the Dungeon)

   [amulet of regeneration]

   Str:       It affects your strength (+3).
   Dex:       It affects your dexterity (+3).
   rElec:     It insulates you from electricity.
   SInv:      It lets you see invisible.
   Regen:     It increases your rate of health regeneration.
 D - a ring of protection from fire
 H - the ring of Joplye (left hand) {rPois rC+ rN+}
   (You bought it in a shop on level 2 of the Orcish Mines)

   [ring of positive energy]

   rC:        It protects you from cold.
   rPois:     It protects you from poison.
   rN:        It protects you from negative energy.
 K - a ring of resist corrosion
 P - a ring of flight
 R - a ring of willpower (right hand)
 U - a ring of magical power
 X - a ring of see invisible
Wands
 u - a wand of digging (6)
 y - a wand of mindburst (23)
 E - a wand of flame (32)
 O - a wand of paralysis (22)
 S - a wand of polymorph (19)
 T - a wand of roots (7)
Scrolls
 g - 2 scrolls of enchant armour
 h - 7 scrolls of teleportation
 i - 5 scrolls of vulnerability
 l - 2 scrolls of fear
 o - 4 scrolls of poison
 r - 2 scrolls of amnesia
 t - a scroll of blinking
 J - 4 scrolls of immolation
 L - 5 scrolls of magic mapping
 M - 2 scrolls of fog
 V - 2 scrolls of identify
 W - a scroll of enchant weapon
Potions
 d - 5 potions of attraction
 f - 3 potions of magic
 j - 4 potions of brilliance
 k - 4 potions of heal wounds
 m - a potion of might
 p - 2 potions of invisibility
 q - 9 potions of haste
 s - 2 potions of lignification
 v - 4 potions of curing
 w - a potion of cancellation
 x - 2 potions of resistance
 z - 2 potions of ambrosia
 F - a potion of flight
 G - a potion of mutation
 I - 4 potions of degeneration


   Skills:
 + Level 12.0 Fighting
 * Level 8.0 Long Blades
 - Level 22.1 Ranged Weapons
 - Level 5.0 Armour
 + Level 16.6 Dodging
 - Level 4.0 Stealth
 - Level 1.5 Spellcasting
 - Level 10.0 Invocations
 - Level 6.0 Evocations


You had 18 spell levels left.
You didn't know any spells.
Your spell library contained the following spells:

 Spells                   Type           Power      Damage    Failure   Level
 Apportation              Tloc           2%         N/A       26%         1
 Beastly Appendage        Tmut           2%         N/A       26%         1
 Sandblast                Erth           2%         2d4       26%         1
 Passwall                 Tmut/Erth      0%         N/A       36%         2
 Wereblood                Tmut           1%         N/A       36%         2
 Dazzling Flash           Conj/Hex       2%         N/A       58%         3
 Hailstorm                Conj/Ice       1%         3d3       58%         3
 Inner Flame              Hex/Fire       1%         N/A       58%         3
 Spider Form              Tmut/Pois      1%         N/A       58%         3
 Stone Arrow              Conj/Erth      2%         3d7       58%         3
 Swiftness                Air            1%         N/A       58%         3
 Cause Fear               Hex            0%         N/A       94%         4
 Flame Wave               Conj/Fire      1%         2d4       94%         4
 Sticky Flame             Conj/Fire      1%         2d3       94%         4
 Agony                    Necr           1%         N/A       100%        5
 Alistair's Intoxication  Tmut/Pois      0%         N/A       100%        5
 Silence                  Hex/Air        0%         N/A       100%        5
 Starburst                Conj/Fire      0%         6d3       100%        6
 Discord                  Hex            0%         N/A       100%        8


Dungeon Overview and Level Annotations

Branches:
Dungeon (12/15)            Temple (0/1) D:7            Lair (5/5) D:11
  Swamp (4/4) Lair:3       Spider (0/4) Lair:2        Slime (0/5) Lair:5
    Orc (2/2) D:10            Elf (0/3) Orc:2        Bailey (visited)

Altars:
Kikubaaqudgha
Makhleb
Nemelex Xobeh
Okawaru
Ru
Sif Muna
Wu Jian
Xom
Yredelemnul
Zin
Jiyva

Shops:
D:6 [   D:7 =   D:8 (   D:10 *   Orc:1 *   Orc:2 *([=?**![

Portals:
Pandemonium: Orc:2


Message History

The four-headed hydra barely misses you.
The fenstrider witch hits you. The fenstrider witch kicks you!
You shoot a bolt. The bolt hits the four-headed hydra!
The bolt freezes the four-headed hydra.
The four-headed hydra is severely wounded.
The fenstrider witch gestures at you while chanting.
The toxic sludge hits you!
You are poisoned.
You partially resist.
Splash!
You fall into the toxic bog.
Moving in this stuff is going to be slow.
The four-headed hydra closely misses you. x2
The four-headed hydra misses you.
The four-headed hydra completely misses you.
You are too injured to fight recklessly!
Fire: a) +9 arbalest (freeze)
Press: ? - help, Q - select action, (/) - cycle Shift-Dir - straight line, f/p - four-headed hydra
Aim: a four-headed hydra (severely wounded, slow, 88% to hit)
You shoot a bolt. The bolt hits the four-headed hydra!!
The four-headed hydra seems to slow down.
The bolt freezes the four-headed hydra.
You kill the four-headed hydra!
Okawaru accepts your kill.
You fester in the toxic bog!
You partially resist.
You are more poisoned.
You feel very sick.
The fenstrider witch casts a spell at you.
You resist with almost no effort. The fenstrider witch hits you!
* * * LOW HITPOINT WARNING * * *
The fenstrider witch kicks you!
* * * LOW HITPOINT WARNING * * *
Fire: a) +9 arbalest (freeze)
Press: ? - help, Q - select action, (/) - cycle Shift-Dir - straight line, f - fenstrider witch
Aim: a fenstrider witch, wearing a +0 robe (70% to hit)
You shoot a bolt. The bolt hits the fenstrider witch!
The bolt freezes the fenstrider witch.
The fenstrider witch is moderately wounded.
You fester in the toxic bog!
You partially resist.
You are lethally poisoned!
You die...

♣♣~♣♣~♣~..♣~.♣
♣~.~....~....~
♣♣~...♣.§~....
♣♣♣♣~..~..~~..~.
♣♣♣♣♣..~♣.....♣..~~.
♣..<.~~~~.§~♣♣~~..~.
♣....~~~.~...~~♣~~~♣
♣♣♣.)...~~~.~♣♣##♣~~
♣♣♣♣@~†.....♣♣# #♣~
♣♣~~♣kH~..~.♣# #♣
♣♣..~♣†~~.~.♣# #
♣♣.~.....§~.~♣
♣♣♣~~~~.~~~~~~♣#
♣~~.~§~.~~~~~~♣
♣..~~~..~~~~~~~♣
~..~~~~~§†.~~~~♣
.~~♣♣.~§~~..~~~~♣


You could see a fenstrider witch and a swamp drake.

Vanquished Creatures
  Mara (Swamp:3)
  Gastronok (D:8)
  An orc warlord (Orc:1)
  8 eleionomae
  8 bunyips
  2 ghost crabs
  14 hydras
  2 demonspawn (Orc:2)
  A catoblepas (D:10)
  2 two-headed ogres
  The ghost of QueenGhuleh the Protected, a novice MiBe of Trog (D:8)
  10 alligators
  2 boulder beetles (D:12)
  Urug (Lair:3)
  The ghost of billz999 the Cleaver, a novice DjIE of Makhleb (D:9)
  5 spriggans
  6 orc high priests
  A sun demon (Orc:2)
  Amaemon (Lair:2)
  6 goliath frogs
  2 skeletal warriors
  4 bog bodies
  A spriggan druid (Swamp:4)
  10 swamp dragons
  A deep elf pyromancer (D:12)
  7 orc sorcerers
  7 orc knights
  3 manticores
  A will-o-the-wisp (Swamp:2)
  3 cyclopes
  5 elephants (Lair:2)
  6 black mambas
  An ice statue (D:8)
  4 torpor snails (Lair:4)
  2 orange demons
  22 cane toads
  7 kobold demonologists
  2 rime drakes
  4 komodo dragons
  2 polar bears
  8 trolls
  15 tyrant leeches
  A bloated husk (Swamp:1)
  8 hornets
  23 blink frogs
  2 dream sheep (Lair:4)
  4 slime creatures (D:12)
  6 shadows
  A vampire (D:8)
  A wraith (D:10)
  6 wyverns
  69 yaks
  6 basilisks
  Grum (Bailey)
  4 steam dragons
  8 vampire mosquitoes
  5 swamp worms
  2 acid dragons (D:10)
  Edmund (D:5)
  10 wargs
  10 water moccasins
  The ghost of Strat the Chopper, an amateur OgRe (D:3)
  3 swamp drakes
  35 orc warriors
  An ice beast (D:5)
  5 black bears
  5 ogres
  A phantom (D:10)
  13 wolves
  13 centaurs
  4 lemures (D:7)
  7 kobold brigands
  26 bullfrogs
  9 gnoll sergeants
  4 necrophages
  4 wights (D:6)
  Dowan (D:4)
  7 killer bees
  5 electric eels
  5 howler monkeys
  3 hounds
  23 orc priests
  7 gnoll boudas
  A centaur skeleton (D:3)
  8 iguanas
  21 orc wizards
  Ijyb (D:4)
  9 hell rats
  A killer bee zombie (D:3)
  8 ogre zombies (D:10)
  Robin (D:4)
  3 adders
  30 gnolls
  2 white imps
  An ufetubus (D:5)
  6 worms
  72 orcs
  4 bats
  7 endoplasms
  4 giant cockroaches
  6 goblins
  10 hobgoblins
  14 jackals
  3 quokkas
  2 ball pythons
  11 frilled lizards
  A goblin skeleton (D:10)
  A goblin zombie (D:10)
  4 hobgoblin zombies (D:10)
  29 kobolds
  3 orc skeletons (D:10)
  16 orc zombies (D:10)
  3 rats
  A butterfly (Lair:3)
824 creatures vanquished.

Vanquished Creatures (others)
  A hound (D:6)
  3 orcs (Orc:2)
  3 foxfires (Swamp:2)
  23 fungi
  102 plants
132 creatures vanquished.

Grand Total: 956 creatures vanquished

Notes
Turn   | Place    | Note
-------+----------+-------------------------------------------
     0 | D:1      | Mitcholas the Deep Elf Hunter began the quest for the Orb.
     0 | D:1      | Reached XP level 1. HP: 12/12 MP: 3/3
   148 | D:1      | Reached XP level 2. HP: 17/17 MP: 4/4
   565 | D:2      | Noticed Sigmund
   646 | D:1      | Reached XP level 3. HP: 13/21 MP: 5/5
   739 | D:2      | Reached skill level 6 in Ranged Weapons
  1153 | D:3      | Noticed an angel
  1153 | D:3      | Found a glowing silver altar of Zin.
  1246 | D:3      | Found a shimmering altar of Xom.
  1267 | D:3      | Reached XP level 4. HP: 26/26 MP: 6/6
  1380 | D:3      | Noticed a black bear
  1385 | D:3      | Killed a black bear
  1386 | D:3      | Reached XP level 5. HP: 31/31 MP: 7/7
  1391 | D:3      | Reached skill level 7 in Ranged Weapons
  1448 | D:3      | Found a transporter.
  1484 | D:3      | Found a burning altar of Makhleb.
  1564 | D:3      | Found a transporter.
  1566 | D:3      | Noticed Strat's ghost (amateur OgRe)
  1756 | D:4      | Noticed Dowan
  1757 | D:4      | Noticed Duvessa
  1836 | D:4      | Killed Dowan
  1837 | D:4      | Reached XP level 6. HP: 36/36 MP: 8/8
  1840 | D:4      | Duvessa changed into Duvessa the swamp drake
  1840 | D:4      | Noticed Duvessa
  1847 | D:4      | Killed Duvessa the swamp drake
  1915 | D:4      | Reached skill level 8 in Ranged Weapons
  1986 | D:4      | Reached XP level 7. HP: 11/41 MP: 9/9
  2105 | D:4      | Noticed Ijyb
  2116 | D:4      | Killed Ijyb
  2152 | D:4      | Noticed Robin
  2162 | D:4      | Killed Robin
  2695 | D:2      | Sigmund changed into Sigmund the jackal
  2695 | D:2      | Noticed Sigmund
  2700 | D:2      | Killed Sigmund the jackal
  2956 | D:4      | Found an ornate altar of the Wu Jian Council.
  3035 | D:4      | Reached skill level 5 in Dodging
  3062 | D:5      | Entered Level 5 of the Dungeon
  3104 | D:5      | Noticed Edmund
  3117 | D:5      | Killed Edmund
  3118 | D:5      | Reached skill level 9 in Ranged Weapons
  3168 | D:5      | Reached skill level 1 in Evocations
  3330 | D:5      | Noticed Blork the orc
  3331 | D:5      | Blork the orc changed into Blork the iguana
  3331 | D:5      | Noticed Blork
  3335 | D:5      | Killed Blork the iguana
  3372 | D:5      | Reached XP level 8. HP: 48/48 MP: 10/10
  3375 | D:5      | Identified the amulet of Biucoem {rElec Regen+ Str+3 Dex+3
                  | SInv}
  3787 | D:6      | Found an iron altar of Okawaru.
  3799 | D:6      | Became a worshipper of Warmaster Okawaru
  3931 | D:6      | Reached skill level 1 in Armour
  4171 | D:6      | Reached skill level 10 in Ranged Weapons
  4266 | D:6      | Reached * piety under Okawaru
  4296 | D:6      | Found Faniog's Armour Shop.
  4672 | D:7      | Reached XP level 9. HP: 45/49 MP: 11/11
  4715 | D:7      | Paralysed by a centaur for 2 turns
  4735 | D:7      | Reached skill level 11 in Ranged Weapons
  4742 | D:7      | Reached ** piety under Okawaru
  4867 | D:7      | Found Jeum's Jewellery Boutique.
  4877 | D:7      | Found a staircase to the Ecumenical Temple.
  4901 | D:7      | Found an ancient bone altar of Kikubaaqudgha.
  4977 | D:7      | Found a basalt altar of Yredelemnul.
  4978 | D:7      | Found a sacrificial altar of Ru.
  5115 | D:7      | Noticed Pikel
  5211 | D:7      | Pikel changed into Pikel the bullfrog
  5211 | D:7      | Noticed Pikel
  5215 | D:7      | Killed Pikel the bullfrog
  5388 | D:8      | Noticed Gastronok
  5534 | D:8      | Noticed an ice statue
  5590 | D:8      | Found a transporter.
  5655 | D:8      | Reached skill level 5 in Fighting
  5661 | D:8      | Noticed a cyclops
  5683 | D:8      | Found a transporter.
  5710 | D:8      | Found Rifaapt's Antique Weapon Shoppe.
  5750 | D:8      | Reached skill level 12 in Ranged Weapons
  5760 | D:8      | Found a flagged portal.
  5769 | Bailey   | Entered a bailey
  6071 | Bailey   | Reached skill level 5 in Evocations
  6095 | Bailey   | Reached *** piety under Okawaru
  6215 | Bailey   | Reached XP level 10. HP: 50/59 MP: 12/12
  6312 | Bailey   | Noticed Grum
  6318 | Bailey   | Killed Grum
  6773 | D:8      | Found a shimmering blue altar of Sif Muna.
  7179 | D:9      | Reached skill level 13 in Ranged Weapons
  7253 | D:9      | Got the Tractate on Aeromancy and Trauma
  7370 | D:9      | Found a runed translucent door.
  7375 | D:9      | Noticed billz999's ghost (novice DjIE)
  7520 | D:9      | Reached **** piety under Okawaru
  7599 | D:7      | Bought a ring of poison resistance for 280 gold pieces
  7653 | D:6      | Bought a +1 cloak for 161 gold pieces
  7653 | D:6      | Bought the +2 helmet of Syndicalism {rPois} for 359 gold
                  | pieces
  8483 | D:10     | Entered Level 10 of the Dungeon
  8551 | D:9      | Reached skill level 14 in Ranged Weapons
  8741 | D:10     | Reached ***** piety under Okawaru
  8945 | D:10     | Reached XP level 11. HP: 66/66 MP: 13/13
  9009 | D:10     | Found Ocoutwur's Assorted Antiques.
  9017 | D:10     | Bought a scroll labelled YSEQUYFEIG for 27 gold pieces
  9057 | D:10     | Noticed a two-headed ogre
  9065 | D:10     | Found a staircase to the Orcish Mines.
  9112 | D:10     | Killed a two-headed ogre
  9112 | D:10     | Received a gift from Okawaru
  9113 | D:10     | Reached skill level 15 in Ranged Weapons
  9392 | D:10     | Reached skill level 1 in Invocations
  9511 | D:11     | Noticed a skeletal warrior
  9511 | D:11     | Noticed a skeletal warrior
  9511 | D:11     | Noticed a skeletal warrior
  9584 | D:11     | Identified the +6 longbow of the Valley {freeze, rElec}
                  | (Okawaru gifted it to you on level 11 of the Dungeon)
  9584 | D:11     | Received a gift from Okawaru
  9641 | D:11     | Found a sparkling altar of Nemelex Xobeh.
  9816 | D:11     | Found a staircase to the Lair.
  9835 | D:11     | Reached skill level 10 in Dodging
 10198 | D:11     | Noticed a skeletal warrior
 10228 | D:11     | Killed a skeletal warrior
 10228 | D:11     | Identified the +4 cloak of the Salamander {Harm rElec rF+}
                  | (Okawaru gifted it to you on level 11 of the Dungeon)
 10228 | D:11     | Received a gift from Okawaru
 10459 | Lair:1   | Entered Level 1 of the Lair of Beasts
 10646 | Lair:1   | Reached skill level 16 in Ranged Weapons
 10682 | Lair:1   | Reached skill level 5 in Invocations
 10801 | Lair:1   | Reached XP level 12. HP: 72/72 MP: 18/18
 11293 | D:8      | Noticed QueenGhuleh's ghost (novice MiBe)
 11315 | D:8      | Killed Gastronok
 11540 | Lair:2   | Found a hole to the Spider Nest.
 11559 | Lair:2   | Noticed Amaemon
 11586 | Lair:2   | Killed Amaemon
 11673 | Lair:2   | Identified the +5 chain mail "Xucaw" {rPois rC+ rN+ Str-2}
 11901 | Lair:2   | Reached skill level 17 in Ranged Weapons
 12178 | Lair:3   | Noticed Urug
 12211 | Lair:3   | Killed Urug
 12211 | Lair:3   | Reached ****** piety under Okawaru
 12211 | Lair:3   | Received a gift from Okawaru
 12415 | Lair:3   | Found a staircase to the Swamp.
 12440 | Lair:3   | Noticed a four-headed hydra
 12447 | Lair:3   | Killed a four-headed hydra
 12663 | Lair:3   | Identified the +1 robe of Cahalease {Int+3}
 13021 | Lair:3   | Identified the +6 chain mail of the Cobbler {+Blink}
 13453 | Lair:4   | Noticed a four-headed hydra
 13533 | Lair:3   | Reached skill level 18 in Ranged Weapons
 13533 | Lair:3   | Reached XP level 13. HP: 59/78 MP: 21/21
 13611 | Lair:4   | Received a gift from Okawaru
 13855 | Lair:4   | Identified the +0 robe of Tesk {rC+ rN+ Str+4} (Okawaru
                  | gifted it to you on level 4 of the Lair of Beasts)
 13855 | Lair:4   | Received a gift from Okawaru
 14313 | Lair:5   | Entered Level 5 of the Lair of Beasts
 14366 | Lair:5   | Found a viscous altar of Jiyva.
 14366 | Lair:5   | Found a staircase to the Slime Pits.
 14366 | Lair:5   | Found a basalt altar of Yredelemnul.
 14371 | Lair:5   | Reached skill level 10 in Invocations
 14470 | Lair:5   | Reached skill level 19 in Ranged Weapons
 15077 | Lair:5   | Received a gift from Okawaru
 15131 | Lair:5   | Reached XP level 14. HP: 86/86 MP: 23/23
 15167 | Lair:5   | Reached skill level 20 in Ranged Weapons
 15375 | Lair:5   | Identified the +12 whip "Exycwiu" {heavy, *Slow rCorr
                  | Int+5}
 16200 | D:12     | Identified the +1 helmet of Gluttony {rF+} (Okawaru gifted
                  | it to you on level 12 of the Dungeon)
 16200 | D:12     | Received a gift from Okawaru
 16930 | D:10     | Identified the +10 spear of Stickiness {heavy, rCorr}
 16948 | D:10     | Reached skill level 21 in Ranged Weapons
 16987 | D:10     | Reached skill level 10 in Fighting
 17124 | Orc:1    | Entered Level 1 of the Orcish Mines
 17146 | Orc:1    | Noticed an orc warlord
 17157 | Orc:1    | Killed an orc warlord
 17273 | Orc:1    | Found Otuboeni's Assorted Antiques.
 17281 | Orc:1    | Bought a scroll labelled XATOLIBOIW for 36 gold pieces
 17281 | Orc:1    | Bought a scroll of identify for 72 gold pieces
 17321 | Orc:2    | Entered Level 2 of the Orcish Mines
 17321 | Orc:2    | Found Fuileff's Magic Scroll Shop.
 17532 | Orc:2    | Bought a scroll of blinking for 127 gold pieces
 17538 | Orc:2    | Found Zuphod's Distillery.
 18008 | Orc:2    | Found Yluamatru's Antique Armour Boutique.
 18149 | Orc:2    | Identified the +0 shortbow of Disorder {heavy, rC++}
                  | (Okawaru gifted it to you on level 2 of the Orcish Mines)
 18149 | Orc:2    | Received a gift from Okawaru
 18250 | Orc:2    | Found Xoly's General Store.
 18418 | Orc:2    | Found a staircase to the Elven Halls.
 18586 | Orc:1    | Reached skill level 22 in Ranged Weapons
 18684 | Orc:2    | Found Hiapej's Weapon Boutique.
 18742 | Orc:2    | Reached XP level 15. HP: 78/93 MP: 24/24
 18765 | Orc:2    | Identified the +4 shortbow "Gyakule" {flame, rPois Dex+2}
                  | (Okawaru gifted it to you on level 2 of the Orcish Mines)
 18765 | Orc:2    | Received a gift from Okawaru
 18775 | Orc:2    | Upgraded the game from 0.30-a0-632-g346586fe48 to
                  | 0.30-a0-634-g8abc85282e
 18841 | Orc:2    | Found Gediq's General Store.
 18846 | Orc:2    | Found Suadi's General Store.
 18971 | Orc:2    | Reached skill level 15 in Dodging
 18980 | Orc:2    | Found Ucaw's Jewellery Shop.
 18980 | Orc:2    | Found a one-way gate leading to the halls of Pandemonium.
 18980 | Orc:2    | Found Hoytrass's Antique Armour Boutique.
 18986 | Orc:2    | Bought a pair of jewelled gloves for 285 gold pieces
 18986 | Orc:2    | Identified the +1 pair of gloves "Tosydgh" {rPois MP+9
                  | Str-4 SInv} (You bought it in a shop on level 2 of the
                  | Orcish Mines)
 18989 | Orc:2    | Bought the ring of Joplye {rPois rC+ rN+} for 496 gold
                  | pieces
 19271 | Orc:2    | Bought the +8 autumn katana {manifold assault} for 858 gold
                  | pieces
 19271 | Orc:2    | Found the +8 autumn katana {manifold assault}
 19399 | D:8      | Killed QueenGhuleh's ghost
 19412 | D:8      | Reached skill level 1 in Spellcasting
 19550 | D:3      | Killed Strat's ghost
 19720 | D:9      | Killed billz999's ghost
 19880 | Swamp:1  | Entered Level 1 of the Swamp
 19893 | Lair:3   | Reached skill level 1 in Long Blades
 20140 | Swamp:1  | Identified the +7 battleaxe of the Living Dead {heavy,
                  | *Corrode rC+ Dex+6}
 20356 | Swamp:1  | Identified the +0 crystal plate armour "Rampetti" {+Inv rF-
                  | rC+} (Okawaru gifted it to you on level 1 of the Swamp)
 20356 | Swamp:1  | Received a gift from Okawaru
 20562 | Swamp:2  | Reached skill level 5 in Armour
 20987 | Swamp:2  | Reached skill level 5 in Long Blades
 21209 | Swamp:3  | Noticed Mara
 21380 | Swamp:3  | Killed Mara
 21448 | Swamp:3  | Reached XP level 16. HP: 68/101 MP: 25/25
 21733 | Swamp:3  | Identified the +0 quarterstaff of Duty {elec, rN++ Will-
                  | Str+2 SInv}
 21867 | Swamp:3  | Received a gift from Okawaru
 22105 | Swamp:4  | Entered Level 4 of the Swamp
 22105 | Swamp:4  | Noticed a thorn hunter
 22271 | Swamp:4  | Succumbed to poison

Illustrated notes

Levels and vault maps discovered:
D:1:      dpeg_arrival_fog, layout_rooms
D:2:      layout_basic, minmay_lizard_king, uniq_sigmund
D:3:      layout_rooms, grunt_temple_overflow_order_and_chaos_1,
          mainiacjoe_overflow_six_doors_small, gammafunk_ghost_mausoleum,
          reono_crystal_passage
D:4:      layout_rooms, lemuel_round_altar, palyth_stone_intersect, uniq_robin,
          uniq_ijyb, uniq_duvessa
D:5:      layout_basic, uniq_blork_the_orc, uniq_edmund
D:6:      layout_basic, okawaru_trees_2, serial_shops, nicolae_square_shop
D:7:      layout_cave_pools, gammafunk_temple_overflow_statue,
          mainiacjoe_overflow_brackets, temple_statues, serial_shops, shop,
          uniq_pikel
D:8:      layout_loops_ring, led_sif_book, enter_bailey_2, nzn_ghost_randoct,
          serial_shops, nicolae_lakefront_shop, chequers_serial_rivers_small_b,
          uniq_gastronok
D:9:      layout_grid_maze, ebering_ghost_reflecting_pool
D:10:     layout_cave_pools, zombieorc2_lemuel, serial_shops,
          nicolae_shop_crystal, grunt_decor_fettered,
          hangedman_abyss_or_decor_stagger, evilmike_minifort
D:11:     layout_loops_ring, erik_lair_orcish_takeover,
          nemelex_lonely_heart_becter
D:12:     layout_loops_ring
Lair:1:   layout_chaotic_city, grunt_megastairs_1
Lair:2:   layout_gridlike, spider_nest_entry_web_field, uniq_amaemon
Lair:3:   statuecave_lemuel, layout_layer_cave, swamp_mist_pool,
          gammafunk_lair_bear_cave, grunt_megastairs_5, lemuel_fruit_fields,
          uniq_urug
Lair:4:   layout_roguey, infiniplex_staircase_pool_2
Lair:5:   minmay_lair_end_frog_pond, layout_hall_layers, slime_entry_1,
          basic_altar, chequers_serial_rivers_micro_d, serial_bayou_shore_a,
          lemuel_fruit_tree
Swamp:1:  layout_falls_marsh, nicolae_swamp_ascending_descending_big
Swamp:2:  layout_basic_swamp, evilmike_swamp_ruin_house_1
Swamp:3:  layout_basic_swamp, evilmike_swamp_ruin_house_4, uniq_mara
Swamp:4:  swamp, layout_basic_swamp
Orc:1:    layout_caves, serial_shops, nicolae_shop_waterfront
Orc:2:    pf_orc_diabolical, layout_caves, serial_shops, nicolae_shop_crystal,
          shop, shop_fountains, shop, shop_statue, special_room, basic_altar

Skill      XL: |  1  2  3  4  5  6  7  8  9 10 11 12 13 14 15 16 |
---------------+-------------------------------------------------+-----
Stealth        | 2 3 4 |  4.0
Dodging        | 3 4 5 6 7 9 10 11 13 14 16 | 16.6
Ranged Weapons | 6 7 8 9 10 12 14 16 18 19 22 | 22.1
Fighting       | 2 3 4 5 6 7 8 9 10 11 12 | 12.0
Evocations     | 1 3 5 6 |  6.0
Armour         | 2 3 4 5 |  5.0
Invocations    | 5 8 10 | 10.0
Spellcasting   | 1 |  1.5
Long Blades    | 6 8 |  8.0

Action                   |  1- 3 |  4- 6 |  7- 9 | 10-12 | 13-15 | 16-18 || total
-------------------------+-------+-------+-------+-------+-------+-------++-------
Melee: Short sword       |       |       |       |       |    47 |       ||    47
       Unarmed           |       |       |       |       |     7 |       ||     7
       Punch             |       |       |       |       |     1 |       ||     1
 Fire: Shortbow          |   153 |    70 |   618 |   460 |       |       ||  1301
       Longbow           |       |       |       |   227 |       |       ||   227
       Arbalest          |       |       |       |   112 |  1129 |   129 ||  1370
Invok: Heroism           |       |       |       |       |     7 |       ||     7
Evoke: Wand              |       |     7 |    15 |     8 |    12 |       ||    42
  Use: Scroll            |       |       |    10 |     6 |    19 |       ||    35
       Potion            |       |       |     2 |     1 |     8 |       ||    11
Armor: Leather armour    |    31 |    16 |     6 |    52 |   123 |     9 ||   237
       Ring mail         |       |       |   127 |    29 |       |       ||   156
       Troll leather arm |       |       |       |     3 |       |       ||     3
Dodge: Dodged            |    60 |    32 |   263 |   308 |   788 |    69 ||  1520

Table legend: (Time is in decaauts)
 A = Elapsed time spent in this place.
 B = Non-inter-level travel time spent in this place.
 C = Inter-level travel time spent in this place.
 D = Time resting spent in this place.
 E = Time spent auto-exploring this place.
 F = Levels seen in this place.
 G = Mean time per level.
                   A        B        C        D        E       F      G
               +--------+--------+--------+--------+--------+-----+--------+
         Total |  22722 |  19757 |   2965 |   1645 |  10856 |  24 |  946.8 |
       Dungeon |  12051 |   9869 |   2182 |    591 |   5746 |  12 | 1004.2 |
          Lair |   5264 |   4726 |    538 |    231 |   3098 |   5 | 1052.8 |
         Swamp |   2430 |   2277 |    153 |    468 |   1171 |   4 |  607.5 |
  Orcish Mines |   2093 |   2003 |     90 |    241 |    698 |   2 | 1046.5 |
        Bailey |    881 |    881 |      0 |    114 |    143 |   1 |  881.0 |
               +--------+--------+--------+--------+--------+-----+--------+

Top non-repeatable levels by time:
  Lair:3: 1558 daAuts
    D:10: 1537 daAuts
     D:9: 1492 daAuts
   Orc:2: 1323 daAuts
     D:8: 1178 daAuts
  Lair:5: 1143 daAuts
    D:11: 1096 daAuts
  Lair:4: 1029 daAuts
     D:2: 1009 daAuts
     D:4: 1000 daAuts
 Swamp:2: 955 daAuts
     D:6: 945 daAuts
    D:12: 893 daAuts
  Bailey: 881 daAuts
     D:5: 845 daAuts
